AoeStats
← OmarGutieG

Coastal Forest

510392903Analyzed
2v2 RM · 13h ago on Sep 30, 2026· 29m 32s· 4 players
Game mode
Random Map
Map size
Medium (4 player)
Population
200
Speed
Normal
Resources
Standard
Victory
Conquest
Starting age
Dark Age
Ending age
Imperial Age
RankedLock teamsTeams togetherTeam positionsShared explorationLock speedFull tech treeHidden civsTurbo modeCheats
Victory
Defeat
🇲🇽 Magyars · Mexico
1293
+13
🇲🇽 Maya · Mexico
1286
+13
🇨🇳 Persians · China
1224
-13
1223
-13
导师不在玩两把
12:35 Feudal Age
15:30 Loom
18:05 Castle Age
16:19 Double-Bit Axe
20:54 Bow Saw
24:01 Horse Collar
28:36 Husbandry
28:47 Bloodlines
28:36 Gold Mining
Yone
6:51 Loom
10:23 Feudal Age
12:04 Double-Bit Axe
15:02 Wheelbarrow
19:36 Fletching
20:44 Town Watch
25:53 Castle Age
24:03 Horse Collar
25:14 Fishing Lines
26:35 Bloodlines
28:24 Bodkin Arrow
28:36 Scale Barding Armor
armigame1
6:25 Loom
9:16 Feudal Age
22:11 Castle Age
20:07 Gold Mining
20:08 Double-Bit Axe
20:29 Scale Barding Armor
22:39 Bloodlines
22:36 Horse Collar
23:51 Chain Barding Armor
24:39 Gold Shaft Mining
29:20 Heavy Plow
OmarGutieG
0:28 Loom
9:12 Feudal Age
17:57 Horse Collar
18:08 Double-Bit Axe
22:45 Castle Age
22:08 Padded Archer Armor
22:47 Crossbowman
23:19 Fletching
24:20 Thumb Ring
24:58 Gold Mining
28:22 Wheelbarrow
28:43 Town Watch
Connection lost

Rejoining the realm…

Still unreachable

The connection could not be restored.

Session expired

The server has moved on; the page needs a fresh start.